 Dungeon Crawl Stone Soup version 0.30-a0-881-g1ff12e1 (webtiles) character file.

Game seed: 6264672198102447807

21 Nithhogg the Trooper (level 2, -11/27 HPs)
             Began as a Hill Orc Fighter on Mar 14, 2023.
             Mangled by a kobold
             ... wielding a +1 dagger of electrocution
              (15 damage)
             ... on level 1 of the Dungeon.
             The game lasted 00:01:31 (573 turns).

Nithhogg the Trooper (Hill Orc Fighter)              Turns: 573, Time: 00:01:32

Health: -11/27     AC:  6    Str: 18    XL:     2   Next: 87%
Magic:  2/2        EV:  9    Int:  8    God:
Gold:   92         SH:  0    Dex: 10    Spells: 1/1 levels left

rFire   . . .      SeeInvis .    a - +0 war axe
rCold   . . .      Faith    .    (no shield)
rNeg    . . .      Spirit   .    b - +0 scale mail
rPois   .          Reflect  .    (no helmet)
rElec   .          Rampage  .    (no cloak)
rCorr   .                        (no gloves)
Will    .....                    (no boots) Stlth
                                 (no amulet)
HPRegen 0.24/turn                (no ring)
MPRegen 0.08/turn                (no ring)

@: mighty
A: no striking features
a: no special abilities


You were on level 1 of the Dungeon.
You visited 1 branch of the dungeon, and saw 1 of its levels.

You collected 92 gold pieces.

Inventory:

Hand Weapons
 a - a +0 war axe (weapon)
Armour
 b - a +0 scale mail (worn)
 c - a +0 buckler
Scrolls
 g - a scroll of identify {unknown}
Potions
 e - a potion of heal wounds {unknown}
 f - a potion of curing {unknown}
 h - a potion of lignification {unknown}


   Skills:
 + Level 4.0 Fighting
 * Level 3.6 Axes
 + Level 3.6 Armour
 - Level 3.2 Shields


You had one spell level left.
You didn't know any spells.
Your spell library was empty.

Dungeon Overview and Level Annotations

Branches:
Dungeon (1/15)

Altars:


Message History

The kobold shouts!
The kobold hits you but does no damage.
You closely miss the kobold. The kobold hits you but does no damage.
You barely miss the kobold. The kobold hits you but does no damage.
You closely miss the kobold. The kobold closely misses you.
The kobold barely misses you.
You hit the kobold.
You kill the kobold!
Your Fighting skill increases to level 4!
No target in view!
No target in view!
You see here a +0 short sword.
A kobold comes into view.
It is wielding a +1 dagger of electrocution.
A kobold is nearby!
You hit the kobold but do no damage. The kobold hits you but does no damage.
You hit the kobold.
The kobold is moderately wounded.
The kobold hits you but does no damage.
The kobold hits you with a +1 dagger of electrocution.
You are electrocuted!!
Ouch! That really hurt!
* * * LOW HITPOINT WARNING * * *
You are too injured to fight recklessly!
You are too injured to fight recklessly!
You are too injured to fight recklessly!
You are too injured to fight recklessly!
A kobold is nearby!
The kobold attacks as you move away! The kobold barely misses you.
Press: ? - help, v - describe, . - travel
Here: a kobold, wielding a +1 dagger of electrocution (moderately wounded)
The floor.
The kobold attacks as you move away!
The kobold hits you with a +1 dagger of electrocution.
* * * LOW HITPOINT WARNING * * *
You feel very mighty all of a sudden.
The kobold hits you with a +1 dagger of electrocution.
* * * LOW HITPOINT WARNING * * *
You are electrocuted!
Ouch! That really hurt!
You die...

....######.# #.
.#### #.# ## .## ##
.#########.#
#.#..##.#
...........# #.#.#.#
.########..# #...#
.# ####..# #.# .#
#.....# #.# .#
#.....#######.#
.#####..........@K.#
............########
######......#
#.###..# #.# #..#
#.# #..# #.# ##.#
#.# #.# #.# #.#


You could see a kobold.

Vanquished Creatures
  A dart slug (D:1)
  An endoplasm (D:1)
  A giant cockroach (D:1)
  4 goblins (D:1)
  A hobgoblin (D:1)
  3 kobolds (D:1)
  A quokka (D:1)
  A ball python (D:1)
  4 bats (D:1)
  A rat (D:1)
18 creatures vanquished.

Notes
Turn   | Place    | Note
-------+----------+-------------------------------------------
     0 | D:1      | Nithhogg the Hill Orc Fighter began the quest for the Orb.
     0 | D:1      | Reached XP level 1. HP: 19/19 MP: 1/1
   185 | D:1      | Reached XP level 2. HP: 23/27 MP: 2/2
   449 | D:1      | Reached skill level 4 in Fighting
   573 | D:1      | Mangled by a kobold

Illustrated notes

Levels and vault maps discovered:
D:1:      ncdulo_smallfort, layout_loops_ring, serial_park_tiny_pond

Skill      XL: |  1  2 |
---------------+-------+-----
Axes           | 3 |  3.6
Fighting       | 4 |  4.0
Armour         | |  3.6
Shields        | |  3.2

Action                     || total
---------------------------++-------
  Melee: War axe           ||    43
    Use: Potion            ||     1
 Armour: Scale mail        ||    31
  Dodge: Dodged            ||    38

Table legend: (Time is in decaauts)
 A = Elapsed time spent in this place.
 B = Non-inter-level travel time spent in this place.
 C = Inter-level travel time spent in this place.
 D = Time resting spent in this place.
 E = Time spent auto-exploring this place.
 F = Levels seen in this place.
 G = Mean time per level.
                   A        B        C        D        E       F      G
               +--------+--------+--------+--------+--------+-----+--------+
         Total |    587 |    587 |      0 |      0 |    468 |   1 |  587.0 |
       Dungeon |    587 |    587 |      0 |      0 |    468 |   1 |  587.0 |
               +--------+--------+--------+--------+--------+-----+--------+

Top non-repeatable levels by time:
     D:1: 587 daAuts
